 Dungeon Crawl Stone Soup version 0.28-a0-909-g796cbd3a86 (webtiles) character file.

Game seed: 10884992254109149150

6980 ytrimaz the Grappler (level 11, -24/111 HPs)
             Began as an Octopode Berserker on Nov 24, 2021.
             Was an Elder of Trog.
             Annihilated by a cyclops (30 damage)
             ... on level 8 of the Dungeon.
             The game lasted 00:13:24 (10253 turns).

ytrimaz the Grappler (Octopode Berserker)          Turns: 10253, Time: 00:13:24

Health: -24/111    AC:  3    Str: 19    XL:     11   Next: 8%
Magic:  11/11      EV: 17    Int:  9    God:    Trog [****..]
Gold:   931        SH:  0    Dex: 19    Spells: 10/10 levels left

rFire   + . .      SeeInvis .     - Unarmed
rCold   . . .      Faith    .   (no shield)
rNeg    . . .      Spirit   .   o - +2 hat {Stlth+}
rPois   +          Reflect  .   (no amulet)
rElec   .          Harm     .   h - ring of willpower
rCorr   .          Rampage  .   k - +6 ring of dexterity
Will    +....                   s - ring of protection from fire
Stlth   ..........              w - ring of Paranoia {rPois Slay+3}
HPRegen 0.28/turn               (no ring)
MPRegen 0.12/turn               (no ring)
                                (no ring)
                                (no ring)

@: berserking, studying Crossbows, very quick
A: almost no armour, amphibious, 8 rings, camouflage 1, gelatinous body 1,
(nimble swimmer 1), tentacles
a: Renounce Religion, Berserk, Trog's Hand, Brothers in Arms


You were on level 8 of the Dungeon.
You worshipped Trog.
Trog was greatly pleased with you.
You visited 1 branch of the dungeon, and saw 8 of its levels.
You also visited: Sewer.

You collected 931 gold pieces.

Inventory:

Armour
 o - a +2 hat of stealth (worn)
Jewellery
 b - the ring "Loudowuyps" {Fly rElec rF+++ Dex-5 Stlth-}
   (You acquired it on level 3 of the Dungeon)

   [ring of flight]

   Dex:       It affects your dexterity (-5).
   rF:        It renders you almost immune to fire.
   rElec:     It insulates you from electricity.
   Fly:       It grants you flight.
   Stlth:     It makes you less stealthy.
 h - a ring of willpower (left tentacle)
 k - a +6 ring of dexterity (right tentacle)
 s - a ring of protection from fire (on tentacle)
 u - a ring of ice
 v - a ring of magical power
 w - the ring of Paranoia (on tentacle) {rPois Slay+3}
   (You found it on level 8 of the Dungeon)

   [ring of poison resistance]

   Slay:      It affects your accuracy & damage with ranged weapons and melee
   (+3).
   rPois:     It protects you from poison.
Wands
 f - a wand of mindburst (13)
 r - a wand of iceblast (9)
 t - a wand of flame (34)
 x - a wand of polymorph (12)
Scrolls
 a - 7 scrolls of teleportation
 i - 2 scrolls of enchant weapon
 l - 2 scrolls of fog
Potions
 c - a potion of brilliance {unknown}
 d - a potion of ambrosia
 e - a potion of resistance {unknown}
 g - 2 potions of magic
 m - 4 potions of flight
 n - 2 potions of mutation
 p - 2 potions of attraction
 q - a potion of curing {unknown}


   Skills:
 * Level 6.7 Fighting
 * Level 7.3 Dodging
 * Level 9.0 Stealth
 + Level 12.8 Unarmed Combat


You had 10 spell levels left.
You didn't know any spells.
Your spell library was empty.

Dungeon Overview and Level Annotations

Branches:
Dungeon (8/15)             Temple (0/1) D:4           Sewer (visited)
   Lair: D:8-11

Altars:
Ashenzari
Fedhas
Kikubaaqudgha
Okawaru
Ru
Wu Jian
The Shining One

Shops:
D:3 (


Innate Abilities, Weirdness & Mutations

You cannot wear most types of armour.
You are amphibious.
You can wear up to eight rings at the same time.
Your skin changes colour to match your surroundings (Stealth+).
Your rubbery body absorbs attacks. (AC +1, EV +1)
((You are camouflaged near water. (Stealth+)))
You have tentacles for arms and can constrict up to eight enemies at once.


Message History

You bludgeon the necrophage!
You destroy the necrophage!
Trog accepts your kill.
You bludgeon the wyvern zombie!
You destroy the wyvern zombie!
Trog accepts your kill.
A centaur comes into view. It is wielding a +0 dagger.
An orc priest comes into view. It is wielding a +0 falchion.
Things that are here:
a +5 short sword; a +0 robe You bludgeon the orc wizard!
You kill the orc wizard!
Trog accepts your kill.
Trog appreciates your killing of a magic user.
The centaur unwields a +0 dagger.
The centaur wields a +0 shortbow.
The centaur shoots an arrow.
The arrow hits you!
The orc priest calls down the wrath of Beogh upon you.
Beogh smites you!
* * * LOW HITPOINT WARNING * * *
Your Stealth skill increases to level 9!
The centaur unwields a +0 shortbow.
The centaur wields a +0 dagger.
The centaur hits you with a +0 dagger.
* * * LOW HITPOINT WARNING * * *
The centaur closely misses you. The cyclops barely misses you.
The orc priest calls down the wrath of Beogh upon you.
Beogh smites you!
* * * LOW HITPOINT WARNING * * *
Things that are here:
a +0 dagger; a +0 robe; an orc corpse Unknown command.
Okay, then.
Okay, then.
Okay, then.
Okay, then.
It was a potion of berserk rage.
A red film seems to cover your vision as you go berserk!
You feel yourself moving faster!
You feel mighty! The centaur misses you. The centaur closely misses you.
The orc completely misses you. The centaur misses you.
The centaur closely misses you. The cyclops hits you!!
You die...

.###.#.###)#...........
.....#....)#...).....#
.(......#..)...)...#.#######.
....###.#.###................
........#.....K.....##.....#.
#.......)..#.......$.........
####...###.#..(..............
##......#..ocoC..##.......
##.........#@#####.......
##...###.....)..†.......
##........#######.#.###
##.......# # ##.....##
#######


You could see a cyclops, a centaur, an orc priest, an orc and a kobold.

Vanquished Creatures
  A two-headed ogre (D:8)
  A deep elf pyromancer (D:8)
  A cyclops (D:8)
  Maggie (D:7)
  2 gargoyles
  A basilisk (D:8)
  Eustachio (D:5)
  4 steam dragons
  A water moccasin (D:6)
  5 sky beasts
  3 orc warriors
  5 necrophages
  5 ogres (D:6)
  3 centaurs
  A phantom (D:5)
  A gnoll sergeant (D:7)
  7 bullfrogs
  A wyvern zombie (D:8)
  A scorpion (D:4)
  4 wights (D:8)
  A howler monkey (D:7)
  2 centaur zombies
  2 bullfrog zombies
  3 jellies
  An orc priest (D:7)
  A centaur skeleton (D:6)
  3 hounds
  4 iguanas
  Ijyb (D:5)
  3 bullfrog skeletons
  3 orc wizards
  A killer bee zombie (D:5)
  A hound zombie (D:5)
  A mummy (D:8)
  4 howler monkey zombies
  8 gnolls
  10 adders
  2 howler monkey skeletons
  A shadow imp (D:8)
  2 white imps
  6 worms
  9 dart slugs
  22 orcs
  7 ball pythons
  3 bat zombies (D:7)
  16 endoplasms
  11 giant cockroaches
  7 goblins
  4 hobgoblins
  7 jackals
  8 quokkas
  11 bats
  2 frilled lizards
  8 kobolds
  6 rats
  A rat zombie (D:7)
231 creatures vanquished.

Vanquished Creatures (others)
  A centaur skeleton (D:7)
  7 withered plants (D:8)
8 creatures vanquished.

Grand Total: 239 creatures vanquished

Notes
Turn   | Place    | Note
-------+----------+-------------------------------------------
     0 | D:1      | ytrimaz the Octopode Berserker began the quest for the Orb.
     0 | D:1      | Reached XP level 1. HP: 16/16 MP: 1/1
   201 | D:1      | Reached XP level 2. HP: 21/21 MP: 2/2
  1043 | D:2      | Reached XP level 3. HP: 19/26 MP: 3/3
  1083 | D:2      | Reached ** piety under Trog
  1490 | D:2      | Found a faded altar of an unknown god.
  1692 | D:2      | Reached XP level 4. HP: 31/31 MP: 4/4
  1757 | D:2      | Reached skill level 4 in Unarmed Combat
  2666 | D:3      | Found Idoism's Weapon Shoppe.
  2669 | D:3      | Identified a scroll of acquirement
  2672 | D:3      | Acquired the ring "Loudowuyps" {Fly rElec rF+++ Dex-5
                  | Stlth-}
  2877 | D:3      | Reached XP level 5. HP: 25/37 MP: 5/5
  3847 | D:4      | Reached skill level 5 in Unarmed Combat
  4048 | D:4      | Found a staircase to the Ecumenical Temple.
  4068 | D:4      | Found a glowing drain.
  4080 | Sewer    | Entered a sewer
  4083 | Sewer    | Reached *** piety under Trog
  4158 | Sewer    | Reached XP level 6. HP: 37/43 MP: 6/6
  5010 | D:4      | Reached skill level 6 in Unarmed Combat
  5074 | D:4      | Reached XP level 7. HP: 38/48 MP: 7/7
  5240 | D:4      | Found an iron altar of Okawaru.
  5513 | D:4      | Found a broken altar of Ashenzari.
  5513 | D:4      | Found a sacrificial altar of Ru.
  5635 | D:5      | Entered Level 5 of the Dungeon
  5889 | D:5      | Noticed Eustachio
  5898 | D:5      | Killed Eustachio
  5899 | D:5      | Reached skill level 7 in Unarmed Combat
  6220 | D:5      | Found an ornate altar of the Wu Jian Council.
  6250 | D:5      | Noticed Ijyb
  6262 | D:5      | Killed Ijyb
  6262 | D:5      | Reached **** piety under Trog
  6263 | D:5      | Reached XP level 8. HP: 27/54 MP: 8/8
  6267 | D:5      | Reached skill level 8 in Unarmed Combat
  6620 | D:5      | You fall into a shaft and drop 2 floors!
  6648 | D:7      | Noticed Maggie
  6659 | D:7      | Killed Maggie
  6660 | D:7      | Reached skill level 5 in Dodging
  6660 | D:7      | Reached skill level 9 in Unarmed Combat
  6896 | D:6      | Found a blossoming altar of Fedhas.
  7263 | D:6      | Reached skill level 10 in Unarmed Combat
  7263 | D:6      | Reached XP level 9. HP: 40/59 MP: 9/9
  7546 | D:6      | Found a glowing golden altar of the Shining One.
  7753 | D:6      | Reached skill level 1 in Stealth
  7946 | D:6      | Reached skill level 5 in Fighting
  8111 | D:6      | Reached skill level 11 in Unarmed Combat
  8436 | D:6      | Noticed a gargoyle
  8463 | D:6      | Killed a gargoyle
  8464 | D:6      | Reached XP level 10. HP: 26/67 MP: 10/10
  9094 | D:7      | Reached skill level 5 in Stealth
  9126 | D:7      | Found an ancient bone altar of Kikubaaqudgha.
  9635 | D:8      | Noticed a deep elf pyromancer
  9640 | D:8      | Killed a deep elf pyromancer
  9641 | D:8      | Reached skill level 12 in Unarmed Combat
  9959 | D:8      | Identified the ring of Paranoia {rPois Slay+3}
 10037 | D:8      | Noticed a cyclops
 10041 | D:8      | Noticed a two-headed ogre
 10050 | D:8      | Killed a two-headed ogre
 10050 | D:8      | Noticed a cyclops
 10056 | D:8      | Killed a cyclops
 10175 | D:8      | Noticed a gargoyle
 10183 | D:8      | Killed a gargoyle
 10184 | D:8      | Reached XP level 11. HP: 57/74 MP: 11/11
 10253 | D:8      | Annihilated by a cyclops

Illustrated notes

Levels and vault maps discovered:
D:1:      kennysheep_arrival_forest, layout_loops_corners
D:2:      minmay_razor_zed, layout_rooms, ebering_ecumenical_altar_box,
          grunt_ministairs_1
D:3:      kennysheep_slugbush, layout_loops_ring, serial_shops,
          nicolae_shop_behind_doors
D:4:      layout_cave_pods, amcnicky_altar_gilded,
          gammafunk_temple_overflow_wave, minmay_temple_entry_tees,
          portal_sewer_entry_a, chequers_hall_statues_corner_a,
          small_statue_alley_b
D:5:      layout_rooms, nzn_wu_jian_contemplation, kennysheep_generic_room_12,
          uniq_ijyb, uniq_eustachio
D:6:      minmay_polygon_palace, layout_loops_ring,
          mainiacjoe_overflow_24_doors, mainiacjoe_overflow_surrounded_room
D:7:      layout_rooms, lemuel_zombie_altar_kikubaaqudgha, kennysheep_diamond,
          nrook_campfire, uniq_maggie
D:8:      hangedman_cross_stitches, layout_basic, serial_undead,
          serial_undead_b, serial_undead_e, serial_undead_e, serial_undead_d,
          serial_undead_f, serial_undead_f, serial_undead_e, serial_undead_a,
          serial_shops, shop, kennysheep_island_fort

Skill      XL: |  1  2  3  4  5  6  7  8  9 10 11 |
---------------+----------------------------------+-----
Unarmed Combat | 4 5 6 7 10 11 12 | 12.8
Dodging        | 4 5 6 7 |  7.3
Fighting       | 4 5 6 |  6.7
Stealth        | 4 8 9 |  9.0

Action                   |  1- 3 |  4- 6 |  7- 9 | 10-12 || total
-------------------------+-------+-------+-------+-------++-------
Melee: Unarmed           |    66 |   166 |   161 |   126 ||   519
       Constrict         |    20 |    51 |    27 |    29 ||   127
       Tentacles         |    14 |    41 |    49 |    31 ||   135
       Punch             |     3 |     5 |    12 |    15 ||    35
Invok: Berserk           |     1 |     1 |     6 |     3 ||    11
       Trog's Hand       |       |       |     1 |     1 ||     2
  Use: Scroll            |     1 |     8 |     6 |     1 ||    16
       Potion            |       |       |       |     1 ||     1
 Stab: Sleeping          |    10 |    15 |     7 |     6 ||    38
       Distracted        |       |     1 |       |     1 ||     2
Armor: Skin              |     5 |    11 |    10 |     6 ||    32
Dodge: Dodged            |    43 |   100 |   106 |    88 ||   337

Table legend: (Time is in decaauts)
 A = Elapsed time spent in this place.
 B = Non-inter-level travel time spent in this place.
 C = Inter-level travel time spent in this place.
 D = Time resting spent in this place.
 E = Time spent auto-exploring this place.
 F = Levels seen in this place.
 G = Mean time per level.
                   A        B        C        D        E       F      G
               +--------+--------+--------+--------+--------+-----+--------+
         Total |  10291 |  10000 |    291 |   1410 |   6678 |   9 | 1143.4 |
       Dungeon |   9684 |   9393 |    291 |   1359 |   6302 |   8 | 1210.5 |
         Sewer |    607 |    607 |      0 |     51 |    376 |   1 |  607.0 |
               +--------+--------+--------+--------+--------+-----+--------+

Top non-repeatable levels by time:
     D:6: 1990 daAuts
     D:2: 1624 daAuts
     D:4: 1224 daAuts
     D:5: 1210 daAuts
     D:3: 1169 daAuts
     D:7: 1026 daAuts
     D:1: 1012 daAuts
   Sewer: 607 daAuts
     D:8: 425 daAuts
